 Dungeon Crawl Stone Soup version 0.20.1-1-g8b1a95d (webtiles) character file.

254 mike2R the Grave Robber (level 5, 0/35 HPs)
             Began as a Demonspawn Necromancer on July 14, 2017.
             Slain by a hippogriff (5 damage)
             ... on level 3 of the Dungeon.
             The game lasted 00:27:01 (2977 turns).

mike2R the Grave Robber (Demonspawn Necromancer)    Turns: 2977, Time: 00:27:02

Health: 0/35       AC:  3    Str:  7 (9)  XL:     5   Next: 91%
Magic:  0/8        EV: 12    Int: 16      God:
Gold:   117        SH:  0    Dex: 14      Spells: 3/8 levels left

rFire    . . .     SeeInvis .   m - +0 spear
rCold    . . .     Gourm    .   (no shield)
rNeg     . . .     Faith    .   a - +0 robe
rPois    .         Spirit   +   (no helmet)
rElec    .         Reflect  .   (no cloak)
rCorr    .         Harm     .   t - +0 pair of gloves
MR       .....                  (no boots)
Stlth    ++........             (no amulet)
Regen    0.2/turn               (no ring)
MPRegen  0.2/turn               (no ring)

@: no status effects
A: magic shield, rot immunity
a: no special abilities


You were on level 3 of the Dungeon.
You were hungry.

You visited 1 branch of the dungeon, and saw 3 of its levels.

You collected 117 gold pieces.

Inventory:

Hand Weapons
 e - a +0 club
 h - a -1 mace
 m - a +0 spear (weapon)
 o - a +0 morningstar of protection
Missiles
 g - 8 poisoned needles
 i - 20 stones (quivered)
 j - 33 sling bullets
 k - 59 arrows
Armour
 a - a +0 robe (worn)
 t - a +0 pair of gloves (worn)
Wands
 f - a wand of random effects (23/48)
 p - a wand of polymorph (5/24)
Scrolls
 q - 2 scrolls of fear
 u - a scroll of magic mapping {unknown}
Potions
 l - a potion of degeneration
 n - a potion of agility {unknown}
 r - a potion of haste {unknown}
Books
 b - a book of Necromancy

   Spells                             Type                      Level
   a - Pain                           Necromancy                   1
   b - Animate Skeleton               Necromancy                   1
   c - Vampiric Draining              Necromancy                   3
   d - Regeneration                   Charms/Necromancy            3
   e - Animate Dead                   Necromancy                   4
   f - Control Undead                 Necromancy                   4
Comestibles
 c - 3 bread rations
 d - a fruit
 s - 2 chunks of flesh


   Skills:
 + Level 1.8 Dodging
 - Level 1.7 Stealth
 - Level 2.0 Spellcasting
 - Level 7.9 Necromancy


You had 3 spell levels left.
You knew the following spells:

 Your Spells              Type           Power        Failure   Level  Hunger
a - Pain                  Necr           ####         1%          1    #......
b - Animate Skeleton      Necr           N/A          1%          1    #......
c - Vampiric Draining     Necr           ####......   2%          3    ###....


Dungeon Overview and Level Annotations

Branches:
Dungeon (3/15)

Altars:


Innate Abilities, Weirdness & Mutations

When hurt, damage is shared between your health and your magic reserves.
You are immune to rotting.


Message History

Aiming: Pain
Press: ? - help, Shift-Dir - straight line, f/p - hippogriff
Aim: a hippogriff (severely wounded, chance to defeat MR: 81%)
The hippogriff barely resists.
You hit the hippogriff but do no damage.
The hippogriff is severely wounded.
The hippogriff closely misses you. x4; The hippogriff pecks you.
The hippogriff barely misses you.
There is an open door here.
Casting: Pain
Confirm with . or Enter, or press ? or * to list all spells.
Aiming: Pain
Press: ? - help, Shift-Dir - straight line, f/p - hippogriff
Aim: a hippogriff (severely wounded, chance to defeat MR: 81%)
The hippogriff writhes in agony!
The hippogriff bites you but does no damage.
The hippogriff pecks you.
* * * LOW HITPOINT WARNING * * *
The hippogriff claws you.
You die...

########## ##........#
#......##.###
#...<@H'....#
#......##.#.# [≈≈
#......##.#.# ....
#......##.#'#+###....
#.......#............
#.#.....#..........h.≈
#.#.....#...........≈≈
#.#.....#............≈
#.....#.#+#.###+#..≈


You could see a hippogriff.

Vanquished Creatures
  Sigmund (D:2)
  Terence (D:2)
  2 adders (D:2)
  2 dart slugs
  5 leopard geckos
  10 bats
  4 giant cockroaches (D:1)
  6 goblins
  6 hobgoblins
  A quokka (D:2)
  2 frilled lizards
  8 kobolds
  6 rats
54 creatures vanquished.

Notes
Turn   | Place    | Note
-------+----------+-------------------------------------------
     0 | D:1      | mike2R the Demonspawn Necromancer began the quest for the Orb.
     0 | D:1      | Reached XP level 1. HP: 13/13 MP: 3/3
     2 | D:1      | Learned a level 1 spell: Animate Skeleton
   454 | D:1      | Gained mutation: When hurt, damage is shared between your health and your magic reserves. [demonic ancestry]
   454 | D:1      | Reached XP level 2. HP: 3/19 MP: 0/5
   789 | D:1      | Reached skill level 5 in Necromancy
  1341 | D:1      | Reached XP level 3. HP: 20/24 MP: 4/6
  1346 | D:1      | Learned a level 3 spell: Vampiric Draining
  1918 | D:2      | Noticed Terence
  2000 | D:2      | Killed Terence
  2000 | D:2      | Reached skill level 6 in Necromancy
  2000 | D:2      | Reached XP level 4. HP: 8/30 MP: 1/7
  2428 | D:2      | Noticed Sigmund
  2482 | D:2      | Killed Sigmund
  2482 | D:2      | Reached skill level 7 in Necromancy
  2482 | D:2      | Gained mutation: You are immune to rotting. [demonic ancestry]
  2482 | D:2      | Reached XP level 5. HP: 29/35 MP: 0/8
  2927 | D:3      | Noticed a hippogriff
  2942 | D:3      | Noticed a black bear
  2977 | D:3      | Slain by a hippogriff

Skill      XL: |  1  2  3  4 |
---------------+-------------+-----
Necromancy     | 5 6 7 |  7.9
Dodging        | |  1.8
Stealth        | |  1.7
Spellcasting   | |  2.0

Action                   |  1- 3 |  4- 6 || total
-------------------------+-------+-------++-------
Melee: Mace              |    27 |     2 ||    29
       Spear             |       |     5 ||     5
Throw: Stone             |       |     7 ||     7
 Cast: Pain              |    77 |    29 ||   106
       Animate Skeleton  |    14 |     7 ||    21
       Vampiric Draining |       |     6 ||     6
Evoke: Wand              |       |     1 ||     1
  Use: Scroll            |     4 |     1 ||     5
       Potion            |       |     1 ||     1
 Stab: Sleeping          |     2 |     3 ||     5
  Eat: Chunk             |     4 |     4 ||     8
       Fruit             |       |     1 ||     1
Armor: Robe              |     8 |     4 ||    12
       Skin              |       |     4 ||     4
Dodge: Dodged            |    38 |    14 ||    52
